 Dungeon Crawl Stone Soup version 0.31-a0-177-g4aa6249778 (webtiles) character file.

Game seed: 8392813058421728765

1729 qw the Skirmisher (level 9, 0/82 HPs)
             Began as a Naga Hunter on June 18, 2023.
             Slain by an orc warrior
             ... wielding a +0 halberd
              (15 damage)
             ... on level 7 of the Dungeon.
             The game lasted 00:01:49 (4890 turns).

qw the Skirmisher (Naga Hunter)                     Turns: 4890, Time: 00:01:50

Health: 0/82       AC:  8    Str: 13    XL:     9   Next: 5%
Magic:  9/9        EV: 10    Int: 13    God:
Gold:   374        SH:  0    Dex: 19    Spells: 8/8 levels left

rFire   . . .        Y - +0 arbalest (freeze)
rCold   . . .        (shield currently unavailable)
rNeg    . . .        c - +0 leather armour
rPois   +            b - +2 helmet {Int+3}
rElec   .            f - +0 cloak
rCorr   .            (no gloves)
SInv    +            (no barding)
Will    +....        i - amulet of faith
Stlth   ++           (no ring)
HPRegen 0.33/turn    (no ring)
MPRegen 0.11/turn

%: faith
@: short of breath, very slow
A: AC +3, large, see invisible, deformed body, poison resistance, slowness 2,
spit poison 1, naga tail 1
a: Spit Poison


You were on level 7 of the Dungeon.
You visited 2 branches of the dungeon, and saw 8 of its levels.

You collected 374 gold pieces.


Innate Abilities, Weirdness & Mutations

Your serpentine skin is tough. (AC +3)
You have supernaturally acute eyesight. (SInv)
Armour fits poorly on your strangely shaped body.
Your system is resistant to poisons. (rPois)
You cover ground very slowly.
You can spit poison.
You have a snake-like lower body.


   Skills:
 - Level 6.0 Fighting
 - Level 9.1 Ranged Weapons
 - Level 1.8 Armour
 + Level 2.4 Dodging
 - Level 1.5 Stealth


You had 8 spell levels left.
You didn't know any spells.
Your spell library was empty.

Inventory:

Hand Weapons
 Y - a +0 arbalest of freezing (weapon)
Armour
 b - a +2 helmet of intelligence (worn)
 c - a +0 leather armour (worn)
 f - a +0 cloak (worn)
Jewellery
 i - an amulet of faith (around neck)
 j - an amulet of the acrobat
Scrolls
 d - a scroll of identify
Potions
 a - 3 potions of enlightenment
 e - a potion of haste
 h - a potion of heal wounds {unknown}
 k - a potion of curing
 m - a potion of lignification {unknown}

Dungeon Overview and Level Annotations

Branches:
Dungeon (7/15)             Temple (1/1) D:5

Altars:
Ashenzari
Cheibriados
Dithmenos
Elyvilon
Fedhas
Gozag
Hepliaklqana
Makhleb
Nemelex Xobeh
Qazlal
Ru
Sif Muna
Trog
Uskayaw
Vehumet
Yredelemnul
Zin
The Shining One


Message History

The orc warrior hits you from afar with a +0 halberd.
You shoot a bolt. The bolt hits the orc warrior.
The bolt freezes the orc warrior.
The orc warrior is heavily wounded.
The orc warrior hits you from afar with a +0 halberd!
The orc warrior hits you from afar with a +0 halberd.
You shoot a bolt. The bolt closely misses the orc wizard.
You have got your breath back.
The orc wizard closely misses you.
An orc comes into view. It is wielding a +0 hand axe.
The orc warrior hits you from afar with a +0 halberd!
4886 ||| INVOKING Spit Poison.
Aiming: Spit Poison (1% risk of failure)
Press: ? - help, Shift-Dir - straight line, f/p - orc wizard The splash of poison misses the orc wizard.
The orc warrior hits you from afar with a +0 halberd!
The orc wizard hits you but does no damage.
You shoot a bolt. The bolt closely misses the orc wizard.
The orc warrior hits you from afar with a +0 halberd.
The orc wizard gestures at you while chanting.
The puff of flame hits you.
The orc wizard hits you but does no damage.
The orc warrior closely misses you.
The orc wizard hits you but does no damage.
You shoot a bolt. The bolt hits the orc wizard!
The bolt freezes the orc wizard.
You kill the orc wizard!
You have got your breath back.
The orc warrior hits you from afar with a +0 halberd!!
4889 ||| INVOKING Spit Poison.
Aiming: Spit Poison (1% risk of failure)
Press: ? - help, Shift-Dir - straight line, f - orc wizard The splash of poison hits the orc wizard!
The orc wizard is poisoned.
The orc wizard is severely wounded.
The orc warrior hits you from afar with a +0 halberd.
The orc wizard hits you but does no damage.
You shoot a bolt. The bolt hits the orc wizard!
The bolt freezes the orc wizard.
You kill the orc wizard!
The orc warrior hits you from afar with a +0 halberd!
You die...

############## ###
#............#...#
#.#........<..#
#..@)#######.##
#...............#
....#..oo#######.#
#.# #.#.## #.. .
...). #.# .#...#
... ###../# ..#
.).#


You could see an orc warrior and an orc.

Vanquished Creatures
  An ice beast (D:6)
  A black bear (D:4)
  2 ogres
  A phantom (D:7)
  A kobold brigand (D:6)
  A scorpion (D:5)
  2 bullfrogs (D:6)
  3 killer bees (D:6)
  2 howler monkeys (D:4)
  2 jellies
  3 hounds
  An orc priest (D:6)
  A gnoll bouda (D:6)
  5 iguanas
  8 orc wizards
  2 sleepcaps
  6 gnolls
  10 adders
  A shadow imp (D:6)
  2 worms
  6 dart slugs
  9 orcs
  4 ball pythons
  4 bats
  5 endoplasms
  3 giant cockroaches
  14 goblins
  5 hobgoblins
  11 jackals
  3 quokkas
  7 frilled lizards
  8 kobolds
  8 rats
142 creatures vanquished.

Notes
Turn   | Place    | Note
-------+----------+-------------------------------------------
     0 | D:1      | qw the Naga Hunter began the quest for the Orb.
     0 | D:1      | Reached XP level 1. HP: 19/19 MP: 1/1
     0 | D:1      | 0 ||| qw: Version: 0.3-a-5-g6f28e65
     0 | D:1      | 0 ||| qw: Game counter: 600
     0 | D:1      | 0 ||| qw: Always use a shield: true
     0 | D:1      | 0 ||| qw: God list: Okawaru
     0 | D:1      | 0 ||| qw: Allow faded altars: false
     0 | D:1      | 0 ||| qw: Do Orc after D:15 true
     0 | D:1      | 0 ||| qw: Do second Lair branch before Depths: true
     0 | D:1      | 0 ||| qw: Lair rune preference: random
     0 | D:1      | 0 ||| qw: Plans: Normal
     0 | D:1      | 0 ||| PLANNING D:1-11
    12 | D:1      | 12 ||| INVOKING Spit Poison.
    23 | D:1      | 23 ||| INVOKING Spit Poison.
    47 | D:1      | 47 ||| INVOKING Spit Poison.
    48 | D:1      | 48 ||| INVOKING Spit Poison.
    52 | D:1      | 52 ||| INVOKING Spit Poison.
   103 | D:1      | 103 ||| INVOKING Spit Poison.
   109 | D:1      | Reached skill level 4 in Ranged Weapons
   109 | D:1      | Reached XP level 2. HP: 16/26 MP: 2/2
   189 | D:1      | 189 ||| INVOKING Spit Poison.
   220 | D:1      | 220 ||| INVOKING Spit Poison.
   228 | D:1      | 228 ||| INVOKING Spit Poison.
   233 | D:1      | 233 ||| INVOKING Spit Poison.
   281 | D:1      | 281 ||| INVOKING Spit Poison.
   282 | D:1      | 282 ||| INVOKING Spit Poison.
   315 | D:1      | 315 ||| INVOKING Spit Poison.
   330 | D:1      | 330 ||| INVOKING Spit Poison.
   393 | D:1      | 393 ||| INVOKING Spit Poison.
   474 | D:1      | 474 ||| UPGRADING to amulet of faith.
   479 | D:1      | 479 ||| READING scroll labelled ULAAMELIMU.
   480 | D:1      | 480 ||| READING scroll labelled WAKIPH HUNU.
   481 | D:1      | 481 ||| DROPPING scroll of butterflies.
   517 | D:2      | 517 ||| INVOKING Spit Poison.
   518 | D:2      | Reached XP level 3. HP: 32/32 MP: 3/3
   521 | D:2      | 521 ||| INVOKING Spit Poison.
   524 | D:2      | 524 ||| INVOKING Spit Poison.
   533 | D:2      | 533 ||| INVOKING Spit Poison.
   621 | D:2      | 621 ||| INVOKING Spit Poison.
   627 | D:2      | 627 ||| INVOKING Spit Poison.
   670 | D:2      | 670 ||| INVOKING Spit Poison.
   715 | D:2      | 715 ||| INVOKING Spit Poison.
   770 | D:2      | 770 ||| INVOKING Spit Poison.
   776 | D:2      | 776 ||| INVOKING Spit Poison.
   810 | D:2      | Found a blossoming altar of Fedhas.
   836 | D:2      | 836 ||| INVOKING Spit Poison.
   837 | D:2      | 837 ||| INVOKING Spit Poison.
   840 | D:2      | 840 ||| INVOKING Spit Poison.
   844 | D:2      | 844 ||| INVOKING Spit Poison.
   906 | D:2      | 906 ||| INVOKING Spit Poison.
   908 | D:2      | Reached skill level 5 in Ranged Weapons
   909 | D:2      | 909 ||| INVOKING Spit Poison.
   910 | D:2      | Reached XP level 4. HP: 39/39 MP: 4/4
  1001 | D:2      | 1001 ||| UPGRADING to +2 helmet of intelligence.
  1006 | D:2      | 1006 ||| READING scroll labelled DANEDOXIURR.
  1007 | D:2      | 1007 ||| READING scroll labelled LISOZI JEAF.
  1111 | D:3      | 1111 ||| INVOKING Spit Poison.
  1119 | D:3      | 1119 ||| INVOKING Spit Poison.
  1198 | D:3      | 1198 ||| INVOKING Spit Poison.
  1202 | D:3      | 1202 ||| INVOKING Spit Poison.
  1207 | D:3      | 1207 ||| INVOKING Spit Poison.
  1277 | D:3      | 1277 ||| INVOKING Spit Poison.
  1286 | D:3      | 1286 ||| INVOKING Spit Poison.
  1441 | D:3      | 1441 ||| INVOKING Spit Poison.
  1545 | D:3      | Noticed an ogre
  1546 | D:3      | 1546 ||| INVOKING Spit Poison.
  1549 | D:3      | 1549 ||| INVOKING Spit Poison.
  1555 | D:3      | 1555 ||| INVOKING Spit Poison.
  1560 | D:3      | 1560 ||| INVOKING Spit Poison.
  1560 | D:3      | Killed an ogre
  1561 | D:3      | Reached XP level 5. HP: 36/50 MP: 5/5
  1564 | D:3      | 1564 ||| INVOKING Spit Poison.
  1676 | D:3      | Found a faded altar of an unknown god.
  1703 | D:3      | 1703 ||| READING scroll labelled JYUTODESIN.
  1703 | D:3      | Identified a scroll of acquirement
  1703 | D:3      | 1703 ||| ACQUIRING +0 arbalest of freezing
  1703 | D:3      | Acquired a +0 arbalest of freezing
  1705 | D:3      | 1705 ||| SWAPPING to +0 arbalest of freezing.
  1706 | D:3      | 1706 ||| DROPPING +0 shortbow.
  1707 | D:3      | 1707 ||| DRINKING 2 black potions.
  1708 | D:3      | 1708 ||| DRINKING 2 inky potions.
  1709 | D:3      | 1709 ||| DROPPING potion of attraction.
  1935 | D:3      | 1935 ||| INVOKING Spit Poison.
  1959 | D:3      | 1959 ||| READING scroll labelled OSSYPP VISCHU.
  2032 | D:4      | 2032 ||| INVOKING Spit Poison.
  2036 | D:4      | 2036 ||| INVOKING Spit Poison.
  2091 | D:4      | 2091 ||| INVOKING Spit Poison.
  2095 | D:4      | 2095 ||| INVOKING Spit Poison.
  2100 | D:4      | Noticed a black bear
  2101 | D:4      | 2101 ||| INVOKING Spit Poison.
  2103 | D:4      | Killed a black bear
  2104 | D:4      | Reached XP level 6. HP: 57/57 MP: 6/6
  2104 | D:4      | 2104 ||| INVOKING Spit Poison.
  2125 | D:4      | 2125 ||| INVOKING Spit Poison.
  2150 | D:4      | Reached skill level 6 in Ranged Weapons
  2161 | D:4      | 2161 ||| INVOKING Spit Poison.
  2182 | D:4      | 2182 ||| INVOKING Spit Poison.
  2226 | D:4      | 2226 ||| INVOKING Spit Poison.
  2231 | D:4      | 2231 ||| INVOKING Spit Poison.
  2238 | D:4      | 2238 ||| INVOKING Spit Poison.
  2331 | D:4      | Found a glowing golden altar of the Shining One.
  2566 | D:4      | Found a hazy altar of Hepliaklqana.
  2616 | D:4      | 2616 ||| UPGRADING to +0 cloak.
  2651 | D:4      | 2651 ||| DRINKING 2 fizzy cyan potions.
  2652 | D:4      | 2652 ||| DRINKING 2 orange potions.
  2653 | D:4      | 2653 ||| DRINKING 2 bubbling pink potions.
  2654 | D:4      | 2654 ||| DRINKING potion of curing.
  2654 | D:4      | 2654 ||| (to cure confusion)
  2655 | D:4      | 2655 ||| DROPPING potion of brilliance.
  2656 | D:4      | 2656 ||| DROPPING potion of ambrosia.
  2667 | D:5      | Entered Level 5 of the Dungeon
  2674 | D:5      | 2674 ||| INVOKING Spit Poison.
  2687 | D:5      | 2687 ||| INVOKING Spit Poison.
  2690 | D:5      | Reached XP level 7. HP: 64/64 MP: 7/7
  2708 | D:5      | 2708 ||| INVOKING Spit Poison.
  2715 | D:5      | Found a bloodstained altar of Trog.
  2796 | D:5      | 2796 ||| INVOKING Spit Poison.
  2804 | D:5      | 2804 ||| INVOKING Spit Poison.
  2820 | D:5      | 2820 ||| INVOKING Spit Poison.
  2838 | D:5      | 2838 ||| INVOKING Spit Poison.
  2865 | D:5      | 2865 ||| INVOKING Spit Poison.
  2963 | D:5      | 2963 ||| INVOKING Spit Poison.
  2967 | D:5      | 2967 ||| INVOKING Spit Poison.
  2972 | D:5      | 2972 ||| INVOKING Spit Poison.
  2973 | D:5      | Reached skill level 7 in Ranged Weapons
  3017 | D:5      | Found a white marble altar of Elyvilon.
  3017 | D:5      | Found a radiant altar of Vehumet.
  3018 | D:5      | Found a shadowy altar of Dithmenos.
  3275 | D:5      | 3275 ||| INVOKING Spit Poison.
  3381 | D:5      | Found a staircase to the Ecumenical Temple.
  3382 | D:5      | 3382 ||| PLANNING TEMPLE
  3382 | D:5      | 3382 ||| INVOKING Spit Poison.
  3386 | D:5      | 3386 ||| INVOKING Spit Poison.
  3433 | Temple   | Entered the Ecumenical Temple
  3503 | Temple   | 3503 ||| PLANNING D:1-11
  3527 | D:5      | 3527 ||| INVOKING Spit Poison.
  3530 | D:5      | Reached skill level 1 in Armour
  3632 | D:5      | 3632 ||| INVOKING Spit Poison.
  3649 | D:5      | Found a snail-covered altar of Cheibriados.
  3652 | D:5      | Found a stormy altar of Qazlal.
  3655 | D:5      | Found a hide-covered altar of Uskayaw.
  3669 | D:5      | Found an opulent altar of Gozag.
  3883 | D:5      | 3883 ||| INVOKING Spit Poison.
  3944 | D:6      | 3944 ||| INVOKING Spit Poison.
  3948 | D:6      | Reached XP level 8. HP: 61/72 MP: 8/8
  4132 | D:6      | Reached skill level 8 in Ranged Weapons
  4163 | D:6      | 4163 ||| INVOKING Spit Poison.
  4166 | D:6      | 4166 ||| INVOKING Spit Poison.
  4169 | D:6      | 4169 ||| INVOKING Spit Poison.
  4172 | D:6      | 4172 ||| INVOKING Spit Poison.
  4258 | D:6      | 4258 ||| INVOKING Spit Poison.
  4263 | D:6      | 4263 ||| INVOKING Spit Poison.
  4265 | D:6      | HP: 18/73 [killer bee (3)]
  4267 | D:6      | 4267 ||| INVOKING Spit Poison.
  4505 | D:6      | 4505 ||| INVOKING Spit Poison.
  4510 | D:6      | 4510 ||| INVOKING Spit Poison.
  4541 | D:6      | 4541 ||| INVOKING Spit Poison.
  4546 | D:6      | 4546 ||| INVOKING Spit Poison.
  4562 | D:6      | 4562 ||| INVOKING Spit Poison.
  4566 | D:6      | 4566 ||| INVOKING Spit Poison.
  4580 | D:6      | 4580 ||| INVOKING Spit Poison.
  4689 | D:6      | 4689 ||| INVOKING Spit Poison.
  4693 | D:6      | 4693 ||| INVOKING Spit Poison.
  4699 | D:6      | 4699 ||| INVOKING Spit Poison.
  4702 | D:6      | Reached skill level 9 in Ranged Weapons
  4702 | D:6      | 4702 ||| INVOKING Spit Poison.
  4769 | D:6      | 4769 ||| READING scroll labelled TUKURA NEAME.
  4770 | D:6      | 4770 ||| DRINKING 2 pink potions.
  4771 | D:6      | 4771 ||| READING 2 scrolls of identify.
  4771 | D:6      | 4771 ||| IDENTIFYING metallic pink potion
  4772 | D:6      | 4772 ||| DROPPING potion of degeneration.
  4790 | D:7      | 4790 ||| INVOKING Spit Poison.
  4796 | D:7      | 4796 ||| INVOKING Spit Poison.
  4801 | D:7      | 4801 ||| STAIRDANCE
  4862 | D:7      | Reached skill level 6 in Fighting
  4862 | D:7      | Reached XP level 9. HP: 79/82 MP: 9/9
  4881 | D:7      | 4881 ||| INVOKING Spit Poison.
  4886 | D:7      | 4886 ||| INVOKING Spit Poison.
  4888 | D:7      | HP: 19/82 [orc warrior/+0 halberd (20)]
  4889 | D:7      | 4889 ||| INVOKING Spit Poison.
  4890 | D:7      | Slain by an orc warrior

Levels and vault maps discovered:
D:1:      dpeg_arrival_subterranean_lakeside_camping, layout_rooms,
          minmay_misc_feat_pillars
D:2:      layout_basic, basic_altar
D:3:      layout_basic, shapermc_ecumenical_altar_hornbeckon, nrook_mini_vaults,
          fountainhead, minmay_ogre_servants
D:4:      layout_basic, general_overflow_altar, nicolae_tso_swordbearing_angel
D:5:      layout_basic, gammafunk_temple_overflow_claw,
          mainiacjoe_overflow_24_doors, grunt_temple_overflow_cloverleaf,
          minmay_temple_entry_glassed_door, roderic_serpentine_path
D:6:      layout_basic, serial_bayou_pond_b
D:7:      layout_loops_ring, nicolae_overflow_hidden_temple, minmay_holes,
          uniq_crazy_yiuf_cottage
Temple:   nicolae_temple_great_sept

Skill      XL: |  1  2  3  4  5  6  7  8 |
---------------+-------------------------+-----
Ranged Weapons | 4 5 6 7 9 |  9.1
Fighting       | 4 6 |  6.0
Dodging        | 2 |  2.4
Armour         | 1 |  1.8
Stealth        | |  1.5

Action                     |  1- 3 |  4- 6 |  7- 9 || total
---------------------------+-------+-------+-------++-------
   Fire: Shortbow          |    73 |    39 |       ||   112
         Arbalest          |       |    41 |   146 ||   187
Ability: Spit Poison       |    28 |    28 |    39 ||    95
    Use: Scroll            |     2 |     4 |     2 ||     8
         Potion            |       |     6 |     1 ||     7
 Armour: Leather armour    |     9 |    18 |    51 ||    78
  Dodge: Dodged            |    16 |    14 |    50 ||    80

Table legend:
 A = Non-vault XP
 B = Vault XP
 C = Vault XP percentage of total XP
 D = Non-vault monster count
 E = Vault monster count
 F = Vault count percentage of total count
                 A         B        C        D         E       F
            +---------+---------+-------+---------+---------+-------
      Total |    2102 |     404 |  16.1 |     122 |      20 |  14.1
            +---------+---------+-------+---------+---------+-------
        D:1 |      22 |       8 |  26.7 |      14 |       6 |  30.0
        D:2 |      57 |       0 |   0.0 |      27 |       0 |   0.0
        D:3 |      33 |     132 |  80.0 |      10 |       9 |  47.4
        D:4 |     356 |       0 |   0.0 |      17 |       0 |   0.0
        D:5 |     500 |       0 |   0.0 |      24 |       0 |   0.0
        D:6 |     881 |     264 |  23.1 |      24 |       5 |  17.2
        D:7 |     253 |       0 |   0.0 |       6 |       0 |   0.0
            +---------+---------+-------+---------+---------+-------
